 Dungeon Crawl Stone Soup version 0.30.1-11-g7821555f0a (webtiles) character file.

Game seed: 11872764912006189542

1822485 jfcaron the End of an Era (level 26, 223/223 (227) HPs)
             Began as a Demonspawn Gladiator on Nov 1, 2023.
             Was the Champion of Qazlal.
             Escaped with the Orb
             ... and 3 runes on Nov 3, 2023!
             The game lasted 03:41:31 (59397 turns).

jfcaron the End of an Era (Demonspawn Gladiator)   Turns: 59397, Time: 03:41:32

HP:   223/223 (227) AC: 46    Str: 22    XL:     26   Next: 88%
MP:   39/39         EV: 13    Int: 15    God:    Qazlal [******]
Gold: 3950          SH: 33    Dex: 22    Spells: 22/25 levels left

rFire   + . .        a - +9 broad axe (vamp)
rCold   + . .        j - +2 tower shield {AC+3}
rNeg    . . .        y - +9 gold dragon scales
rPois   +            (helmet unavailable)
rElec   +            z - +4 dragonskin cloak
rCorr   +            F - +2 pair of gloves "Vipisson" {Slay+2}
SInv    .            R - +2 pair of boots {Fly}
Will    +++..        n - amulet "Odismusa" {Faith rElec Int+2 Slay+2} Stlth
                     h - ring of Ebixis {rF++ rCorr Dex+6}
HPRegen 0.57/turn    w - ring of willpower
MPRegen 0.52/turn

%: random rage (3%), repel missiles, guardian spirit, faith
@: flying, studying 2 skills, lightly drained
A: horns 3, yellow scales 3, ignite blood 3, torment resistance 1, magic shield,
magic regeneration, magic link, demonic willpower, berserk 1, deformed body,
deterioration 2, no potion heal 1, heat vulnerability 2, inability to read after
injury 2
0: Orb of Zot
}: 3/15 runes: decaying, serpentine, silver
a: Renounce Religion, Upheaval, Elemental Force, Disaster Area


You escaped.
You worshipped Qazlal.
Qazlal was exalted by your worship.
You visited 10 branches of the dungeon, and saw 50 of its levels.
You visited 1 bazaar.
You also visited: Ossuary, Bailey, Ice Cave and Wizlab.

You collected 10219 gold pieces.
You spent 6269 gold pieces at shops.

Inventory:

Hand Weapons
 a - a +9 vampiric broad axe (weapon)
   (You subdued it on level 9 of the Dungeon)
 b - the +11 broad axe of Symmetry {heavy, Str+5}
   (You acquired it on level 2 of the Crypt)

   Str:       It affects your strength (+5).
 C - the +4 hand axe "Fiskaq" {drain, rElec rPois Str-4 SInv}
   (You found it on level 3 of the Elven Halls)

   Str:       It affects your strength (-4).
   rElec:     It insulates you from electricity.
   rPois:     It protects you from poison.
   SInv:      It lets you see invisible.
Missiles
 c - 7 throwing nets (quivered) {!f}
 A - 17 silver javelins {!f}
 J - 7 boomerangs of dispersal {!f}
 K - 9 curare-tipped darts {!f}
 Z - 9 javelins
Armour
 j - a +2 tower shield of protection (worn)
   (You found it on level 1 of the Depths)
 y - +9 gold dragon scales (worn)
 z - the +4 dragonskin cloak (worn)
   (You took it off Tiamat on level 2 of the Realm of Zot)

   Avatar's Aegis: It grants the wearer a chance to resist fire, cold, poison,
   electricity, acid, and negative energy.
 F - the +2 pair of gloves "Vipisson" (worn) {Slay+2}
   (You bought it in a shop on level 2 of the Orcish Mines)

   Slay:      It affects your accuracy & damage with ranged weapons and melee
   (+2).
 R - a +2 pair of boots of flying (worn)
   (You found it in a bailey)
Jewellery
 f - a +4 ring of slaying
   (You found it on level 1 of the Snake Pit)
 h - the ring of Ebixis (left hand) {rF++ rCorr Dex+6}
   (You took it off an orc on level 10 of the Dungeon)

   [ring of dexterity]

   Dex:       It affects your dexterity (+6).
   rF:        It greatly protects you from fire.
   rCorr:     It protects you from acid and corrosion.
 n - the amulet "Odismusa" (around neck) {Faith rElec Int+2 Slay+2}
   (You found it on level 3 of the Crypt)

   [amulet of faith]

   It allows you to gain divine favour quickly.
   Int:       It affects your intelligence (+2).
   Slay:      It affects your accuracy & damage with ranged weapons and melee
   (+2).
   rElec:     It insulates you from electricity.
 s - the ring "Faunaymu" {rN+ Str+3}
   (You found it on level 3 of the Crypt)

   [ring of positive energy]

   Str:       It affects your strength (+3).
   rN:        It protects you from negative energy.
 w - a ring of willpower (right hand)
   (You found it on level 2 of the Depths)
Wands
 d - a wand of charming (70)
   (You took it off Ijyb on level 5 of the Dungeon)
 e - a wand of quicksilver (59)
   (You found it on level 14 of the Dungeon)
 D - a wand of mindburst (25)
   (You found it on level 7 of the Dungeon)
 O - a wand of digging (22)
   (You found it on level 9 of the Dungeon)
 P - a wand of iceblast (52)
   (You found it on level 8 of the Dungeon)
Scrolls
 r - 8 scrolls of fog
 v - 13 scrolls of blinking
 x - 13 scrolls of fear
 B - 38 scrolls of teleportation
 E - 9 scrolls of vulnerability
 H - 12 scrolls of poison
 N - 4 scrolls of butterflies
 V - 2 scrolls of silence
 W - 6 scrolls of immolation
Potions
 i - 8 potions of magic
 k - 11 potions of haste
 m - 13 potions of ambrosia
 p - 11 potions of heal wounds
 q - 33 potions of curing
 u - 4 potions of berserk rage
 G - 16 potions of mutation
 I - 9 potions of resistance
 L - 13 potions of cancellation
 M - 13 potions of attraction
 Q - 6 potions of invisibility
 T - 17 potions of flight
 U - 13 potions of lignification
 X - 11 potions of might
Miscellaneous
 g - a tin of tremorstones (2/2)
   (You found it in a bailey)
 l - a lightning rod (4/4)
   (You bought it in a shop on level 2 of the Orcish Mines)
 S - a phantom mirror
   (You found it on level 9 of the Dungeon)
 Y - a box of beasts
   (You found it on level 1 of the Lair of Beasts)


   Skills:
 * Level 22.8 Fighting
 - Level 18.0 Axes
 - Level 10.0 Throwing
 + Level 19.5 Armour
 - Level 17.0 Dodging
 + Level 19.5 Shields
 - Level 5.0 Translocations
 - Level 5.0 Transmutations
 - Level 3.0 Earth Magic
 - Level 25.0 Invocations
 - Level 12.0 Evocations


You had 22 spell levels left.
You knew the following spells:

 Your Spells              Type           Power      Damage    Failure   Level
a - Apportation           Tloc           30%        N/A       80%         1
b - Passwall              Tmut/Erth      10%        N/A       97%         2

Your spell library contained the following spells:

 Spells                   Type           Power      Damage    Failure   Level
 Sandblast                Erth           18%        2d7       97%         1
 Momentum Strike          Conj/Tloc      14%        3d8       99%         2
 Gell's Gravitas          Tloc           15%        N/A       99%         3
 Teleport Other           Tloc           15%        N/A       99%         3
 Foxfire                  Conj/Fire      0%         2x1d4     100%        1
 Freeze                   Ice            0%         1d3       100%        1
 Kiss of Death            Conj/Necr      0%         2d5       100%        1
 Necrotise                Necr           0%         1d4       100%        1
 Shock                    Conj/Air       0%         1d3       100%        1
 Summon Small Mammal      Summ           0%         N/A       100%        1
 Cigotuvi's Dreadful Rot  Necr/Pois/Air  0%         N/A       100%        2
 Ensorcelled Hibernation  Hex/Ice        0%         N/A       100%        2
 Sublimation of Blood     Necr           0%         N/A       100%        2
 Call Canine Familiar     Summ           0%         N/A       100%        3
 Frozen Ramparts          Ice            0%         1d1       100%        3
 Hailstorm                Conj/Ice       0%         3d3       100%        3
 Ignite Poison            Fire/Tmut/Pois 4%         N/A       100%        3
 Inner Flame              Hex/Fire       0%         N/A       100%        3
 Portal Projectile        Hex/Tloc       14%        N/A       100%        3
 Stone Arrow              Conj/Erth      8%         3d7       100%        3
 Swiftness                Air            0%         N/A       100%        3
 Vampiric Draining        Necr           0%         2d6       100%        3
 Airstrike                Air            0%         2d(0-16)  100%        4
 Anguish                  Hex/Necr       0%         N/A       100%        4
 Animate Armour           Summ/Erth      8%         N/A       100%        4
 Animate Dead             Necr           0%         N/A       100%        4
 Cause Fear               Hex            0%         N/A       100%        4
 Dispel Undead            Necr           0%         3d6       100%        4
 Ice Form                 Ice/Tmut       7%         N/A       100%        4
 Iskenderun's Mystic Bla  Conj/Tloc      7%         2d4       100%        4
 Leda's Liquefaction      Hex/Erth       2%         N/A       100%        4
 Manifold Assault         Tloc           15%        N/A       100%        4
 Passage of Golubria      Tloc           15%        N/A       100%        4
 Sticky Flame             Conj/Fire      0%         2d3       100%        4
 Summon Ice Beast         Ice/Summ       0%         N/A       100%        4
 Summon Lightning Spire   Summ/Air       0%         N/A       100%        4
 Agony                    Necr           0%         N/A       100%        5
 Alistair's Intoxication  Tmut/Pois      4%         N/A       100%        5
 Blade Hands              Tmut           7%         N/A       100%        5
 Borgnjor's Vile Clutch   Necr/Erth      2%         N/A       100%        5
 Fireball                 Conj/Fire      0%         3d3       100%        5
 Freezing Cloud           Conj/Ice/Air   0%         6-21      100%        5
 Irradiate                Conj/Tmut      3%         3d12      100%        5
 Iskenderun's Battlesphe  Conj           0%         2d6       100%        5
 Lee's Rapid Deconstruct  Erth           4%         3d5*      100%        5
 Silence                  Hex/Air        0%         N/A       100%        5
 Summon Mana Viper        Hex/Summ       0%         N/A       100%        5
 Yara's Violent Unravell  Hex/Tmut       3%         3d4       100%        5
 Dispersal                Tloc           7%         N/A       100%        6
 Eringya's Noxious Bog    Tmut/Pois      3%         N/A       100%        6
 Iron Shot                Conj/Erth      2%         9d2       100%        6
 Plasma Beam              Fire/Air       0%         2x1d11    100%        6
 Simulacrum               Ice/Necr       0%         N/A       100%        6
 Starburst                Conj/Fire      0%         6d3       100%        6
 Statue Form              Tmut/Erth      8%         N/A       100%        6
 Dragon Form              Tmut           7%         N/A       100%        7
 Enfeeble                 Hex            0%         N/A       100%        7
 Haunt                    Necr/Summ      0%         N/A       100%        7
 Malign Gateway           Summ/Tloc      3%         N/A       100%        7
 Monstrous Menagerie      Summ           0%         N/A       100%        7
 Spellforged Servitor     Conj/Summ      0%         N/A       100%        7
 Storm Form               Tmut/Air       3%         N/A       100%        7
 Disjunction              Tloc           7%         N/A       100%        8
 Ignition                 Fire           0%         3d3       100%        8
 Infestation              Necr           0%         N/A       100%        8
 Lehudib's Crystal Spear  Conj/Erth      2%         10d2      100%        8
 Maxwell's Capacitive Co  Air            0%         ∞         100%        8
 Summon Horrible Things   Summ           0%         N/A       100%        8


Dungeon Overview and Level Annotations

Branches:
Dungeon (15/15)            Temple (0/1) D:7            Lair (5/5) D:11
  Swamp (4/4) Lair:2        Snake (4/4) Lair:2        Slime (0/5) Lair:5
    Orc (2/2) D:9             Elf (3/3) Orc:2        Vaults (5/5) D:14
  Crypt (3/3) Vaults:2       Tomb (0/3) Crypt:3      Depths (4/4) D:15
    Zot (5/5) Depths:4    Ossuary (visited)          Bailey (visited)
  IceCv (visited)          WizLab (visited)

Altars:
Ashenzari
Fedhas
Gozag
Hepliaklqana
Kikubaaqudgha
Makhleb
Nemelex Xobeh
Qazlal
Ru
Uskayaw
Vehumet
Wu Jian
Xom
Yredelemnul
Lugonu

Shops:
D:11 ?[!   D:13 [!?[!   Orc:1 *   Orc:2 ?[*(:   Snake:2 (   Depths:1 (
Depths:3 *(

Portals:
Hell: Depths:1 Depths:2 Depths:3 Depths:4
Abyss: Lair:5 Depths:3
Pandemonium: Depths:2
Ziggurat: Depths:3


Innate Abilities, Weirdness & Mutations

You have a pair of large horns on your head.
You are completely covered in yellow scales. (AC +4, rCorr)
Your demonic aura causes all spilled blood to erupt in flames.
You are resistant to unholy torment.
When hurt, damage is shared between your health and your magic reserves.
You regenerate magic rapidly.
When low on magic, you restore magic in place of health.
You punish those that try to bend your will. (Will+)
You sometimes lose your temper in combat.
Armour fits poorly on your strangely shaped body.
Your body often deteriorates upon taking damage.
Potions are less effective at restoring your health.
You are very vulnerable to heat. (rF--)
You sometimes lose the ability to read scrolls when taking damage.


Message History

You slash the demonspawn black sun!
The demonspawn black sun is severely wounded.
The demonspawn black sun is engulfed in blazing flames.
The demonspawn black sun mumbles some strange prayers to Kikubaaqudgha against you.
The bolt of negative energy hits you!
You feel drained.
You slice the demonspawn black sun!!
You feel better.
You kill the demonspawn black sun!
Qazlal accepts your kill.
Things that are here:
a +0 great sword; a +0 scale mail
Things that are here:
a +1 demon whip of freezing; a +0 scale mail
(D) Dungeon (T) Temple (L) Lair (S) Swamp (P) Snake Pit (M) Slime Pits (O) Orcish Mines (E) Elven Halls (V) Vaults (C) Crypt (W) Tomb (U) Depths (H) Hell (Z) Zot
Where to? (Enter - D:1 @ (x,y), ? - help) HP restored.
A hellwing comes into view.
Aiming: Dig
Press: ? - help, Shift-Dir - straight line A rock wall.
This square is covered in magical glow.
The rock shatters into small pieces.
There is a staircase leading out of the dungeon here.
As you read the scroll of butterflies, it crumbles to dust.
You hear the flapping of tiny wings.
The hellwing misses your butterfly. The hellwing hits your butterfly.
Your butterfly dies!
Your butterfly disappears in a burst of colours!
Your butterfly is engulfed in freezing vapours.
You kill your butterfly!
Your butterfly disappears in a burst of colours!
Your butterfly is engulfed in a thunderstorm.
You kill your butterfly!
Your butterfly disappears in a burst of colours!
Your butterfly is engulfed in freezing vapours.
You kill your butterfly!
Your butterfly disappears in a burst of colours!
You have escaped!

..### ##.....# #.#
#....### #.#
#..b...# #.#
#...b.## #.#
###..## #.##
#b#b4##
#..#########bbbb##
..........#....○.#
##.######.#>####@#
##.#####..#########
#........#........#
...################
##.# ###


You could see a hellwing (ally target).

Vanquished Creatures
  5 dread liches
  2 ancient liches (Zot:5)
  6 orbs of fire (Zot:5)
  Tiamat (Zot:2)
  Mennas (Vaults:3)
  Josephina (Depths:2)
  Sojobo (Depths:2)
  Vv (Depths:4)
  Parghit (Zot:1)
  The ghost of lotum the Cloud Mage, a veteran TeAE of Vehumet (Depths:4)
  8 Killer Klowns
  Saint Roka (Snake:2)
  2 curse toes
  Bai Suzhen (Vaults:3)
  Vashnia (Snake:4)
  Margery (Vaults:3)
  5 caustic shrikes (Depths:4)
  9 golden dragons
  The ghost of Upyaxum the Devastator, a veteran GrEE of Lugonu (Crypt:3)
  2 profane servitors (Crypt:3)
  2 bone dragons
  the Enchantress (Depths:2)
  2 electric golems (Zot:5)
  Zenata (Vaults:4)
  A walking crystal tome (Depths:4)
  16 tentacled monstrosities
  Rupert (D:15)
  A shard shrike skeleton (Crypt:2)
  Jorgrun (D:13)
  26 Orb Guardians
  3 liches
  Mlioglotl (Swamp:2)
  A walking frostbound tome (Depths:4)
  Asterion (Snake:2)
  An acid blob (shapeshifter) (Zot:3)
  2 deep elf master archers (Elf:3)
  4 death cobs
  7 titans
  3 deep elf blademasters
  6 quicksilver dragons
  2 sphinxes
  9 ancient champions
  An eldritch tentacle (WizLab)
  3 thorn hunters (Swamp:4)
  18 storm dragons
  Kirke (D:13)
  Agnes (D:14)
  A tentacled starspawn (WizLab)
  16 shadow dragons
  8 tengu reavers
  Donald (Snake:2)
  7 fire giants
  A fenstrider witch (Swamp:2)
  A revenant (Crypt:1)
  9 nagarajas
  8 draconian knights
  2 azure jellies (IceCv)
  2 iron dragons
  4 deep elf sorcerers
  10 frost giants
  A spectral juggernaut (Depths:4)
  Aizul (Snake:1)
  A balrug (Depths:2)
  3 deep elf elementalists
  A curse skull (Crypt:2)
  11 ghouls
  14 vault wardens
  An orc warlord (Orc:2)
  A ghost moth (shapeshifter) (Depths:2)
  A juggernaut zombie (Depths:4)
  Louise (D:15)
  A demonspawn corrupter (D:1)
  2 reapers
  6 draconian scorchers
  5 draconian shifters
  3 spriggan defenders (Depths:2)
  4 angels (Zot:3)
  24 ironbound preservers
  15 stone giants
  3 war gargoyles
  7 draconian annihilators
  An ironbound thunderhulk (Vaults:4)
  9 very ugly things
  An eleionoma (Swamp:3)
  11 green draconians
  A caustic shrike skeleton (Depths:2)
  13 purple draconians
  3 vampire knights
  8 bunyips
  Nessos (Orc:2)
  9 yellow draconians
  8 spark wasps
  A lorocyproca (D:1)
  13 deep elf demonologists
  10 deep elf annihilators
  A demonspawn black sun (D:1)
  The ghost of Koroih Eniow the Grappler, a journeyman TrBe of Trog (Snake:3)
  5 red draconians
  Azrael (D:13)
  7 black draconians
  2 spectral titans (Depths:4)
  10 dire elephants
  7 white draconians
  An ettin (shapeshifter) (Lair:5)
  3 merfolk impalers (Depths:4)
  2 blizzard demons
  8 ettins
  A green death (Crypt:2)
  2 eidola
  2 mummy priests (Crypt:3)
  9 deep elf death magi
  A deep elf high priest (Vaults:5)
  The ghost of Kiedyfinla the Imperceptible, a journeyman SpEn of Dithmenos (D:15)
  9 fire dragons
  2 shambling mangroves
  13 yaktaur captains
  2 hell beasts (Depths:4)
  8 jiangshi
  14 hydras
  7 great orbs of eyes
  7 ice dragons
  31 vault guards
  A juggernaut simulacrum (Depths:4)
  7 salamander tyrants
  2 catoblepae
  4 rakshasas
  8 spriggan air magi
  A caustic shrike simulacrum (Depths:1)
  10 anacondas
  9 centaur warriors
  A peacekeeper (Vaults:1)
  2 ogre magi
  2 ghost crabs (Swamp:2)
  A radroach (shapeshifter) (D:13)
  17 alligators
  4 death knights
  The ghost of SirLogeyBear the Cleaver, a novice HOBe of Trog (D:8)
  2 boulder beetles
  4 death yaks (Lair:2)
  4 ironbound frosthearts
  11 two-headed ogres
  6 tengu warriors
  37 dancing weapons
  11 deep troll shamans
  12 naga warriors
  6 deep troll earth magi
  12 naga sharpshooters
  A spriggan berserker (Swamp:4)
  7 vampire magi
  A shock serpent (shapeshifter) (Vaults:1)
  3 titan zombies
  The ghost of bairyn the Thaumaturge, a journeyman DESu of Cheibriados (D:9)
  3 hell hogs (Depths:2)
  6 thrashing horrors
  5 orc high priests
  4 soul eaters
  8 shock serpents
  3 sun demons (Depths:2)
  21 deep elf knights
  Urug (Lair:2)
  2 skysharks
  A titan skeleton (Depths:1)
  Nergalle (D:11)
  17 hell knights
  6 iron trolls
  A salamander mystic (Depths:2)
  38 skeletal warriors
  5 shadow wraiths
  18 swamp dragons
  3 bunyip zombies (Crypt:3)
  A goliath frog (Crypt:2)
  Lodul (D:11)
  4 flayed ghosts
  5 naga ritualists
  A glowing orange brain (shapeshifter) (Vaults:5)
  2 death drakes
  61 deep trolls
  20 ironbound convokers
  An obsidian statue (WizLab)
  5 glowing orange brains
  4 spriggan druids
  9 bog bodies
  22 deep elf archers
  9 lindwurms
  4 wizards
  Pikel (D:9)
  11 phantasmal warriors
  26 ugly things
  7 orc knights
  35 deep elf pyromancers
  8 necromancers
  6 orc sorcerers (Orc:2)
  32 deep elf zephyrmancers
  A wolf spider (Crypt:2)
  A mana viper (shapeshifter) (Vaults:5)
  6 cyclopes
  11 mana vipers
  A worldbinder (WizLab)
  An oklob plant (Lair:4)
  A will-o-the-wisp (Swamp:2)
  14 salamanders
  2 manticores
  A moth of wrath (shapeshifter) (Elf:1)
  17 moths of wrath
  4 stone giant zombies
  A shining eye (Depths:3)
  A guardian serpent (shapeshifter) (Lair:5)
  14 naga magi
  Maurice (D:11)
  12 elephants
  Joseph (D:9)
  An eleionoma skeleton (Crypt:2)
  A fire giant skeleton (WizLab)
  6 guardian serpents
  37 black mambas
  8 smoke demons
  A titan simulacrum (Depths:4)
  2 demonic crawlers
  4 eyes of devastation
  23 vault sentinels
  2 ice statues (IceCv)
  An orange demon (WizLab)
  A cane toad (shapeshifter) (D:14)
  19 cane toads
  3 gargoyles
  4 kobold demonologists
  2 unseen horrors
  7 rime drakes
  A spark wasp simulacrum (Depths:2)
  A dire elephant skeleton (Crypt:3)
  An efreet (D:14)
  10 komodo dragons
  20 yaktaurs
  A catoblepas skeleton (Crypt:2)
  5 freezing wraiths
  6 ice devils
  3 ancient zymes
  A golden dragon simulacrum (Depths:2)
  4 guardian mummies (Crypt:3)
  A spriggan skeleton (Depths:1)
  2 tengu conjurers
  A sea snake skeleton (Crypt:2)
  5 polar bears
  10 meliai
  2 queen bees
  A tengu simulacrum (Depths:2)
  10 tyrant leeches
  12 trolls
  31 blink frogs
  2 wolf spider simulacra (D:15)
  2 tarantellas (shapeshifter)
  15 hornets
  7 dream sheep (Lair:5)
  3 large abominations
  2 stone giant simulacra (Depths:4)
  A culicivora (Elf:1)
  2 shadows
  2 centaur simulacra (D:15)
  A fire giant simulacrum (Depths:2)
  45 slime creatures
  3 air elementals
  A culicivora (shapeshifter) (D:9)
  17 spriggans
  13 small abominations
  2 humans (D:13)
  9 water elementals
  8 wraiths
  47 yaks
  A vampire (D:9)
  3 ushabtiu (Crypt:3)
  3 ynoxinuls
  A fire bat (shapeshifter) (Depths:4)
  6 fire elementals
  6 wyverns
  A basilisk (shapeshifter) (Elf:2)
  3 golden eyes (Depths:3)
  A hog (D:13)
  21 vampire mosquitoes
  13 basilisks
  5 chaos spawn
  A redback simulacrum (D:15)
  6 steam dragons
  A spriggan simulacrum (Depths:2)
  17 swamp worms
  6 wargs
  40 nagas
  4 hell hounds
  A merfolk zombie (Crypt:1)
  6 spatial vortices (WizLab)
  A tengu skeleton (WizLab)
  22 water moccasins
  A water nymph zombie (Crypt:1)
  A cane toad zombie (Crypt:1)
  4 floating eyes
  Duvessa (D:6)
  A water nymph skeleton (Crypt:3)
  A demonspawn skeleton (Crypt:2)
  3 meliai simulacra
  8 swamp drakes
  A two-headed ogre skeleton (Crypt:2)
  44 orc warriors
  A sky beast (D:6)
  9 great orb of eyes simulacra (IceCv)
  3 ice beasts
  A black bear (Elf:1)
  31 wolves
  8 ogres
  6 boggarts
  9 centaurs
  A slime creature simulacrum (IceCv)
  2 phantoms
  An elephant skeleton (Crypt:2)
  Blork the orc (D:6)
  5 kobold brigands
  3 elf zombies (Ossuary)
  A yaktaur zombie (Crypt:3)
  A gnoll sergeant (D:9)
  14 bullfrogs
  5 necrophages
  An earth elemental (Elf:3)
  7 scorpions
  A cyclops skeleton (Crypt:1)
  2 glowing shapeshifter simulacra (IceCv)
  A draconian skeleton (Crypt:3)
  9 wights
  A hornet simulacrum (D:15)
  Dowan (D:6)
  2 water moccasin skeletons
  57 killer bees
  2 howler monkeys (D:8)
  3 electric eels (Lair:3)
  2 centaur zombies (Ossuary)
  A crimson imp (D:5)
  A human zombie (Ossuary)
  6 hounds
  Crazy Yiuf (D:4)
  29 orc priests
  A jelly (D:7)
  9 starcursed masses (WizLab)
  A basilisk skeleton (Crypt:2)
  6 iguanas
  A sleepcap (D:7)
  Ijyb (D:5)
  24 orc wizards
  6 hell rats
  A shapeshifter simulacrum (IceCv)
  An acid dragon skeleton (Crypt:2)
  A deep dwarf skeleton (Crypt:3)
  2 hound zombies (Ossuary)
  A boggart simulacrum (D:15)
  3 mummies (Ossuary)
  4 gnolls
  7 adders
  4 shadow imps
  2 white imps
  2 ufetubi (Vaults:3)
  4 adder zombies (Ossuary)
  A lava snake skeleton (Crypt:1)
  A dart slug (D:1)
  88 orcs
  6 ball pythons
  6 bats
  10 endoplasms
  7 giant cockroaches
  7 goblins
  10 hobgoblins
  8 jackals
  5 quokkas
  A ball python skeleton (Crypt:3)
  5 frilled lizards
  6 goblin zombies (Ossuary)
  A hobgoblin skeleton (Crypt:1)
  3 hobgoblin zombies (Ossuary)
  5 jackal zombies (Ossuary)
  30 kobolds
  A kobold zombie (Ossuary)
  2 orc zombies (Ossuary)
  A quokka skeleton (Crypt:1)
  5 quokka zombies
  7 rats
  2 rat zombies
  A spectral kobold (D:3)
  A butterfly (Zot:3)
  A lurking horror (WizLab)
  4 spectral weapons
  6 starspawn tentacles
2492 creatures vanquished.

Notes
Turn   | Place    | Note
-------+----------+-------------------------------------------
     0 | D:1      | jfcaron the Demonspawn Gladiator began the quest for the
                  | Orb.
     0 | D:1      | Reached XP level 1. HP: 16/16 MP: 1/1
   140 | D:1      | Gained mutation: You are partially covered in yellow
                  | scales. (AC +2) [demonic ancestry]
   140 | D:1      | Reached XP level 2. HP: 22/22 MP: 2/2
   143 | D:1      | jfcaron: ??yellow draconian
   143 | D:1      | beem: yellow draconian[1/1]: A form of draconian that can
                  | spit acid (which has halved cooldown compared to most other
                  | breath weapons, and corrodes armour.) Player character gets
                  | no unique aptitudes. Gains rCorr at XL 7. Gets an acidic
                  | bite at XL 14. In 0.20, their acid spit is short range and
                  | splashes.
   311 | D:1      | Reached XP level 3. HP: 27/27 MP: 3/3
   612 | D:2      | Identified the +1 robe "Ekkoem" {+Inv rN+++ rCorr Str-5}
   792 | D:2      | Reached XP level 4. HP: 33/33 MP: 4/4
  1474 | D:3      | Found a broken altar of Ashenzari.
  1499 | D:3      | jfcaron: ??ashenzari
  1499 | D:3      | beem: ashenzari[1/3]: God of divinations, knowledge, and
                  | curses. Likes it when you wear cursed gear, and gives you
                  | curses when you explore the world. Curses enhance your
                  | skills. Many passive bonuses: monster & item detection, and
                  | item ID.
  1516 | D:3      | Found a faded altar of an unknown god.
  1638 | D:3      | Found a stormy altar of Qazlal.
  1638 | D:3      | Found a blossoming altar of Fedhas.
  1648 | D:3      | Became a worshipper of Qazlal Stormbringer
  1759 | D:4      | Identified a scroll of acquirement
  1759 | D:4      | Acquired the +0 pair of gloves of Vocvu {rPois Int+3 Dex+3}
  1892 | D:4      | Reached skill level 1 in Armour
  1913 | D:4      | Reached XP level 5. HP: 22/38 MP: 5/5
  1936 | D:4      | Reached skill level 5 in Axes
  2276 | D:4      | Found a runed translucent door.
  2277 | D:4      | Noticed Crazy Yiuf
  2283 | D:4      | Killed Crazy Yiuf
  2439 | D:5      | Entered Level 5 of the Dungeon
  2444 | D:5      | Found a basalt altar of Yredelemnul.
  2492 | D:5      | Found a sparkling altar of Nemelex Xobeh.
  2492 | D:5      | Found an ornate altar of the Wu Jian Council.
  2499 | D:5      | Noticed an ogre
  2499 | D:5      | Noticed an ice beast
  2508 | D:5      | Killed an ogre
  2509 | D:5      | Gained mutation: You are mostly covered in yellow scales.
                  | (AC +3) [demonic ancestry]
  2509 | D:5      | Reached XP level 6. HP: 28/44 MP: 6/6
  2528 | D:5      | Killed an ice beast
  2543 | D:5      | Noticed Ijyb
  2551 | D:5      | Killed Ijyb
  2559 | D:5      | Reached XP level 7. HP: 49/50 MP: 7/7
  2576 | D:5      | Reached * piety under Qazlal
  2578 | D:5      | Found a burning altar of Makhleb.
  2611 | D:5      | Found a sand-covered staircase.
  2618 | Ossuary  | Entered an ossuary
  2804 | Ossuary  | Reached ** piety under Qazlal
  3177 | D:5      | Reached XP level 8. HP: 56/56 MP: 8/8
  3535 | D:6      | Reached skill level 1 in Invocations
  3591 | D:6      | Reached skill level 1 in Evocations
  3631 | D:6      | Reached skill level 2 in Invocations
  3631 | D:6      | Noticed Duvessa
  3635 | D:6      | Noticed Dowan
  3649 | D:6      | Killed Duvessa
  3656 | D:6      | Killed Dowan
  3688 | D:6      | Found a sacrificial altar of Ru.
  3785 | D:6      | Reached skill level 3 in Invocations
  3825 | D:6      | Noticed Blork the orc
  3834 | D:6      | Killed Blork the orc
  3835 | D:6      | Gained mutation: You are completely covered in yellow
                  | scales. (AC +4, rCorr) [demonic ancestry]
  3835 | D:6      | Reached XP level 9. HP: 64/64 MP: 11/11
  3883 | D:6      | Reached *** piety under Qazlal
  4224 | D:7      | Found an ancient bone altar of Kikubaaqudgha.
  4232 | D:7      | Identified the +4 hand axe "Coatouho" {venom, rC+}
  4413 | D:7      | Found a staircase to the Ecumenical Temple.
  4456 | D:7      | Reached skill level 4 in Invocations
  4624 | D:7      | Found a radiant altar of Vehumet.
  4870 | D:7      | Identified the +0 chain mail of Goiminle {Int+2}
  5002 | D:8      | Reached skill level 10 in Axes
  5192 | D:8      | Reached **** piety under Qazlal
  5244 | D:8      | Noticed a meliai
  5246 | D:8      | Noticed a centaur warrior
  5248 | D:8      | Noticed SirLogeyBear's ghost (novice HOBe)
  5250 | D:8      | Noticed a deep elf pyromancer
  5262 | D:8      | Reached skill level 5 in Invocations
  5383 | D:8      | HP: 9/66 [disintegration (10)]
  5452 | D:8      | Found a transporter.
  5475 | D:8      | Gained mutation: Your demonic aura sometimes causes spilled
                  | blood to erupt in flames. [demonic ancestry]
  5475 | D:8      | Reached XP level 10. HP: 73/73 MP: 14/14
  5535 | D:8      | Reached skill level 5 in Armour
  5666 | D:8      | Found a transporter.
  5938 | D:9      | Found a staircase to the Orcish Mines.
  5993 | D:9      | Reached skill level 5 in Fighting
  6015 | D:9      | Found a hide-covered altar of Uskayaw.
  6069 | D:9      | Noticed Pikel
  6072 | D:9      | Killed Pikel
  6073 | D:9      | Reached skill level 6 in Invocations
  6187 | D:9      | Noticed a two-headed ogre
  6192 | D:9      | Killed a two-headed ogre
  6193 | D:9      | Reached skill level 5 in Evocations
  6196 | D:9      | Noticed a boulder beetle
  6208 | D:9      | Killed a boulder beetle
  6209 | D:9      | Reached skill level 7 in Invocations
  6394 | D:9      | Found a runed translucent door.
  6394 | D:9      | Found a shimmering altar of Xom.
  6394 | D:9      | Noticed bairyn's ghost (journeyman DESu)
  6394 | D:9      | Noticed a +2 broad axe of chaos
  6750 | D:9      | Gained mutation: You regenerate magic rapidly. [demonic
                  | ancestry]
  6750 | D:9      | Reached XP level 11. HP: 81/81 MP: 16/16
  6851 | D:9      | Noticed Joseph
  6859 | D:9      | Killed Joseph
  6928 | D:9      | Reached skill level 8 in Invocations
  6929 | D:9      | Noticed a two-headed ogre
  6936 | D:9      | Killed a two-headed ogre
  7122 | D:10     | Entered Level 10 of the Dungeon
  7138 | D:10     | Noticed a two-headed ogre
  7144 | D:10     | Killed a two-headed ogre
  7157 | D:10     | Identified the ring of Ebixis {rF++ rCorr Dex+6}
  7159 | D:10     | Noticed a sun demon
  7408 | D:10     | Found a flagged portal.
  7422 | Bailey   | Entered a bailey
  7464 | Bailey   | Noticed an orc knight
  7536 | Bailey   | Killed an orc knight
  7582 | Bailey   | Identified the -2 helmet "Zeunaf" {rC++ Str+2 Dex-4}
  7839 | D:10     | Reached skill level 9 in Invocations
  8147 | D:11     | Noticed Nergalle
  8148 | D:11     | Noticed a two-headed ogre
  8160 | D:11     | Killed Nergalle
  8161 | D:11     | Killed a two-headed ogre
  8169 | D:11     | Found Fousch's Antique Armour Emporium.
  8206 | D:11     | Noticed Maurice
  8234 | D:11     | Found Zeloc's Distillery.
  8254 | D:11     | Killed Maurice
  8318 | D:11     | Found Lyjeyduf's Magic Scroll Shoppe.
  8365 | D:11     | Found a frozen archway.
  8384 | D:11     | Gained mutation: When hurt, damage is shared between your
                  | health and your magic reserves. [demonic ancestry]
  8384 | D:11     | Reached XP level 12. HP: 62/91 MP: 19/19
  8412 | IceCv    | Entered an ice cave
  8598 | IceCv    | Reached skill level 1 in Shields
  8688 | IceCv    | Got the +2 short sword of the Tiger {freeze, MP+9 Int+6}
  8793 | IceCv    | Reached skill level 10 in Invocations
  8873 | IceCv    | Found a viscous altar of Jiyva.
  8873 | IceCv    | Noticed an azure jelly
  8875 | IceCv    | Noticed an azure jelly
  8883 | IceCv    | Killed an azure jelly
  8885 | IceCv    | Killed an azure jelly
  8910 | IceCv    | Identified the ring "Rowo" {rF+ rCorr Int+4}
  8913 | IceCv    | Got the Catalogue of Algor
  9019 | D:11     | Bought a potion of heal wounds for 60 gold pieces
  9019 | D:11     | Bought a potion of curing for 36 gold pieces
  9166 | D:11     | Found Puppobro's Magic Scroll Shop.
  9180 | D:11     | Identified the +5 rapier of the Eggplant {flame, *Rage rF+
                  | Str+4}
  9191 | D:11     | Bought a scroll of blinking for 75 gold pieces
  9191 | D:11     | Bought a scroll of blinking for 75 gold pieces
  9397 | D:11     | Found a staircase to the Lair.
  9421 | D:11     | Noticed Lodul
  9426 | D:11     | Killed Lodul
  9883 | D:11     | Bought a glowing kite shield for 210 gold pieces
  9930 | D:11     | Bought a scroll of butterflies for 40 gold pieces
  9975 | D:11     | Bought a potion of cancellation for 96 gold pieces
  9993 | D:11     | Bought a scroll of identify for 30 gold pieces
  9993 | D:11     | Bought a scroll of identify for 30 gold pieces
 10027 | D:11     | Bought a scroll of teleportation for 30 gold pieces
 10027 | D:11     | Bought a scroll of teleportation for 30 gold pieces
 10027 | D:11     | Bought a scroll of teleportation for 30 gold pieces
 10027 | D:11     | Bought a scroll of fear for 40 gold pieces
 10027 | D:11     | Bought a scroll of fear for 40 gold pieces
 10071 | D:11     | Bought a potion of might for 48 gold pieces
 10071 | D:11     | Bought a potion of might for 48 gold pieces
 10150 | Lair:1   | Entered Level 1 of the Lair of Beasts
 10169 | Lair:1   | Gained mutation: You have a pair of small horns on your
                  | head. [demonic ancestry]
 10169 | Lair:1   | Reached XP level 13. HP: 89/100 MP: 16/20
 10179 | Lair:1   | Found a hazy altar of Hepliaklqana.
 10246 | Lair:1   | Reached ***** piety under Qazlal
 10551 | Lair:1   | Identified the +5 rapier of Iloo {pain, *Slow rF+ rCorr
                  | Dex+8}
 11228 | Lair:2   | Noticed Urug
 11236 | Lair:2   | Killed Urug
 11257 | Lair:2   | Found a staircase to the Swamp.
 11309 | Lair:2   | Reached skill level 5 in Shields
 11313 | Lair:2   | Reached skill level 11 in Invocations
 11584 | Lair:2   | Found a staircase to the Snake Pit.
 11956 | Lair:2   | Reached ****** piety under Qazlal
 11987 | Lair:2   | Reached skill level 15 in Axes
 11999 | Lair:2   | Reached XP level 14. HP: 109/109 MP: 22/22
 12004 | Lair:2   | Identified the +6 quarterstaff of Kismet {antimagic, rElec
                  | rF+ Will+}
 12469 | D:9      | Killed bairyn's ghost
 12670 | Lair:3   | Reached skill level 10 in Fighting
 13612 | Lair:4   | Reached skill level 12 in Invocations
 13847 | Lair:4   | Reached skill level 10 in Armour
 14415 | Lair:5   | Entered Level 5 of the Lair of Beasts
 14962 | Lair:5   | Reached skill level 13 in Invocations
 14983 | Lair:5   | Gained mutation: Your demonic aura often causes spilled
                  | blood to erupt in flames. [demonic ancestry]
 14983 | Lair:5   | Reached XP level 15. HP: 102/115 MP: 22/24
 15405 | Lair:5   | Found a staircase to the Slime Pits.
 15767 | Lair:5   | Found a corrupted altar of Lugonu.
 15767 | Lair:5   | Found a one-way gate to the infinite horrors of the Abyss.
 15774 | Lair:5   | Identified the +1 whip of Cocytus {pain, rElec rF- rC+++
                  | Str+3}
 16032 | Orc:1    | Entered Level 1 of the Orcish Mines
 16255 | Orc:1    | Found Delekut's General Store.
 16311 | Orc:2    | Entered Level 2 of the Orcish Mines
 16323 | Orc:2    | Noticed Nessos
 16340 | Orc:2    | Killed Nessos
 16419 | Orc:2    | Found a staircase to the Elven Halls.
 16718 | Orc:2    | Found a burning altar of Makhleb.
 16952 | Orc:2    | Reached skill level 14 in Invocations
 16984 | Orc:2    | HP: 22/115 [poisoned by an orc warlord]
 16989 | Orc:2    | HP: 18/115 [poisoned by an orc warlord]
 17121 | Orc:2    | Paralysed by an orc sorcerer for 4 turns
 17262 | Orc:2    | Found Histre's Magic Scroll Boutique.
 17369 | Orc:2    | Found Ytolaepu's Antique Armour Shop.
 17370 | Orc:2    | Found Othap's Antique Weapon Shop.
 17372 | Orc:2    | Found Qogodaid's General Store.
 17372 | Orc:2    | Found Hyle's Book Boutique.
 17440 | Orc:2    | Bought a pair of encrusted gloves for 266 gold pieces
 17440 | Orc:2    | Identified the +2 pair of gloves "Vipisson" {Slay+2} (You
                  | bought it in a shop on level 2 of the Orcish Mines)
 17448 | Orc:2    | Bought a potion of curing for 51 gold pieces
 18197 | D:12     | Identified the staff of poison "Wonae" {Contam rPois rF++
                  | Str+2 Dex+3}
 18487 | D:13     | Found Neolid's Distillery.
 18570 | D:13     | Noticed Jorgrun
 18588 | D:13     | Killed Jorgrun
 18651 | D:13     | Noticed Kirke
 18664 | D:13     | Killed Kirke
 18666 | D:13     | Noticed Azrael
 18679 | D:13     | Killed Azrael
 18740 | D:13     | Found Usolafew's Armour Shop.
 18811 | D:13     | Found Qoptiasm's Distillery.
 18823 | D:13     | Found Zahal's Magic Scroll Shop.
 18841 | D:13     | Found Gygafo's Antique Armour Emporium.
 19165 | D:14     | Reached skill level 15 in Invocations
 19255 | D:14     | Reached XP level 16. HP: 115/122 MP: 24/27
 19366 | D:14     | Found a gate to the Vaults.
 19446 | D:14     | Found a broken altar of Ashenzari.
 19456 | D:14     | Noticed Agnes
 19466 | D:14     | Killed Agnes
 19873 | D:15     | Entered Level 15 of the Dungeon
 19924 | D:15     | Reached skill level 10 in Shields
 19933 | D:15     | Noticed Rupert
 19944 | D:15     | Killed Rupert
 20005 | D:15     | Noticed Louise
 20015 | D:15     | Killed Louise
 20273 | D:15     | Found a runed translucent gate.
 20273 | D:15     | Found a runed translucent gate.
 20273 | D:15     | Found a runed translucent gate.
 20274 | D:15     | Noticed Kiedyfinla's ghost (journeyman SpEn)
 20459 | D:15     | Found an opulent altar of Gozag.
 20523 | D:15     | Found a sparkling altar of Nemelex Xobeh.
 20822 | D:15     | Found a staircase to the Depths.
 21054 | D:15     | Killed Kiedyfinla's ghost
 21582 | D:13     | Bought the +9 plate armour of the Pink Corner {Harm rF+
                  | rCorr} for 1401 gold pieces
 21793 | Snake:1  | Entered Level 1 of the Snake Pit
 22173 | Snake:1  | Noticed Aizul
 22184 | Snake:1  | Killed Aizul
 22863 | Snake:2  | Noticed Asterion
 22879 | Snake:2  | Killed Asterion
 22904 | Snake:2  | Found Ugaitoew's Weapon Boutique.
 22910 | Snake:2  | Bought 3 boomerangs for 120 gold pieces
 22910 | Snake:2  | Bought 6 stones for 12 gold pieces
 22954 | Snake:2  | Noticed Donald
 22974 | Snake:2  | Killed Donald
 23141 | Snake:2  | Reached XP level 17. HP: 127/128 MP: 21/28
 23396 | Snake:2  | Noticed Saint Roka
 23411 | Snake:2  | Killed Saint Roka
 23967 | Snake:3  | Reached skill level 15 in Shields
 24059 | Snake:3  | Noticed Koroih Eniow's ghost (journeyman TrBe)
 24160 | Snake:3  | Found a transporter.
 24162 | Snake:3  | Found a transporter.
 24510 | Snake:4  | Entered Level 4 of the Snake Pit
 24543 | Snake:3  | Killed Koroih Eniow's ghost
 24566 | Snake:3  | Identified the ring of Yzeeg {rC- MP+9 Str+6 Int+5}
 24657 | Snake:4  | Noticed Vashnia
 24684 | Snake:4  | Killed Vashnia
 25448 | Snake:4  | Reached XP level 18. HP: 136/136 MP: 27/29
 25478 | Snake:4  | Found a stormy altar of Qazlal.
 25677 | Snake:4  | Reached skill level 5 in Dodging
 25803 | Snake:4  | Got a serpentine rune of Zot
 27095 | Swamp:1  | Entered Level 1 of the Swamp
 27104 | Swamp:1  | Reached skill level 16 in Invocations
 27234 | Swamp:1  | Reached skill level 5 in Throwing
 27416 | Swamp:1  | Identified the +6 shortbow of Objectivity {freeze, *Corrode
                  | Fly rPois Int-4}
 27802 | Swamp:2  | Noticed Mlioglotl
 27819 | Swamp:2  | Killed Mlioglotl
 28724 | Swamp:3  | Identified the +0 helmet of Terror {Int+3}
 28892 | Swamp:4  | Entered Level 4 of the Swamp
 29119 | Swamp:4  | Reached skill level 17 in Invocations
 29297 | Swamp:4  | Got a decaying rune of Zot
 29817 | Elf:1    | Entered Level 1 of the Elven Halls
 29829 | Elf:1    | Reached skill level 10 in Evocations
 29920 | Elf:1    | Reached XP level 19. HP: 144/146 MP: 31/31
 29928 | Elf:1    | Noticed a Tzitzimitl
 30352 | Elf:1    | Paralysed by an air elemental for 1 turns
 30858 | Elf:2    | Found a magical portal.
 30875 | WizLab   | Entered The Roulette of Golubria
 30875 | WizLab   | Found a transporter.
 30878 | WizLab   | Found a corrupted altar of Lugonu.
 30893 | WizLab   | Found a corrupted altar of Lugonu.
 30928 | WizLab   | Found a transporter.
 30928 | WizLab   | Found a transporter.
 30947 | WizLab   | Found a transporter.
 30969 | WizLab   | Found a transporter.
 31088 | WizLab   | Found a transporter.
 31139 | WizLab   | Found a transporter.
 31179 | WizLab   | Found a transporter.
 31213 | WizLab   | Found a transporter.
 31251 | WizLab   | Found a transporter.
 31333 | WizLab   | Reached skill level 18 in Invocations
 31364 | WizLab   | Found a transporter.
 31402 | WizLab   | Found a transporter.
 31402 | WizLab   | Found a transporter.
 31431 | WizLab   | Found a transporter.
 31431 | WizLab   | Found a transporter.
 31469 | WizLab   | Found a transporter.
 31469 | WizLab   | Found a transporter.
 31493 | WizLab   | Got Golubria's Textbook on the Wayfarer
 31509 | WizLab   | Found a transporter.
 31509 | WizLab   | Found a transporter.
 31557 | WizLab   | Identified the +0 cloak of Archyenk {+Inv Slay+2 Stlth-}
 31622 | WizLab   | Found a transporter.
 32204 | Elf:2    | Found a runed translucent gate.
 32204 | Elf:2    | Found a runed translucent gate.
 32206 | Elf:2    | Found a runed translucent gate.
 32869 | Elf:2    | jfcaron: ??order
 32869 | Elf:2    | beem: hyperelliptic[1/2]: D:11 -> Lair -> D:12 -> Orc ->
                  | D:15 -> S:3 -> maybe other S:3 -> get both S runes -> maybe
                  | Elf (but not the Elf:3 vault) -> Vaults:4 -> maybe Crypt ->
                  | Depths:4 -> Vaults:5 -> maybe Slime -> Zot ("S" means
                  | Shoals/Snake/Spider/Swamp)
 33032 | Vaults:1 | Entered Level 1 of the Vaults
 33066 | Vaults:1 | Gained mutation: You have a pair of horns on your head.
                  | [demonic ancestry]
 33066 | Vaults:1 | Reached XP level 20. HP: 155/157 MP: 30/33
 33169 | Vaults:1 | Identified the +7 ring mail of the Endless Expanse {Int+4}
 33170 | Vaults:1 | Reached skill level 19 in Invocations
 34298 | Vaults:2 | Reached skill level 10 in Dodging
 34676 | Vaults:2 | Reached skill level 20 in Invocations
 35146 | Vaults:2 | Found a staircase to the Crypt.
 35450 | Vaults:3 | Noticed Mennas
 35467 | Vaults:3 | Killed Mennas
 35535 | Vaults:3 | Reached skill level 15 in Fighting
 35742 | Vaults:3 | Reached skill level 15 in Armour
 35780 | Vaults:3 | Learned a level 1 spell: Apportation
 35783 | Vaults:3 | Learned a level 2 spell: Passwall
 35817 | Vaults:3 | Noticed Margery
 35828 | Vaults:3 | Reached XP level 21. HP: 134/166 MP: 27/35
 35828 | Vaults:3 | Killed Margery
 35999 | Vaults:3 | Reached skill level 1 in Transmutations
 36171 | Vaults:3 | Noticed Bai Suzhen
 36182 | Vaults:3 | Killed Bai Suzhen
 36183 | Vaults:3 | Reached skill level 1 in Translocations
 36183 | Vaults:3 | Reached skill level 1 in Earth Magic
 36558 | Vaults:4 | Found a flickering gateway to a bazaar.
 36566 | Vaults:4 | Noticed Zenata
 36584 | Vaults:4 | Killed Zenata
 36602 | Bazaar   | Entered a bazaar
 36616 | Bazaar   | Found Muohi's General Store.
 36616 | Bazaar   | Found Iwkil's Armour Shoppe.
 36638 | Bazaar   | Found Igrokha's General Store.
 36638 | Bazaar   | Found Qomm's Antique Armour Shoppe.
 36660 | Bazaar   | Found Fubumnax's Weapon Emporium.
 36725 | Bazaar   | Bought a potion of curing for 36 gold pieces
 36725 | Bazaar   | Bought a potion of curing for 36 gold pieces
 36739 | Bazaar   | Bought a potion of cancellation for 72 gold pieces
 36739 | Bazaar   | Bought a potion of invisibility for 72 gold pieces
 36849 | Vaults:4 | Identified the +2 robe of Razaz {Dex+2 Slay+2}
 36855 | Vaults:4 | Identified the +10 battleaxe "Demonspawn's Curse" {pain,
                  | rElec rPois Int+3}
 37711 | Vaults:4 | jfcaron: ??order
 37711 | Vaults:4 | beem: hyperelliptic[1/2]: D:11 -> Lair -> D:12 -> Orc ->
                  | D:15 -> S:3 -> maybe other S:3 -> get both S runes -> maybe
                  | Elf (but not the Elf:3 vault) -> Vaults:4 -> maybe Crypt ->
                  | Depths:4 -> Vaults:5 -> maybe Slime -> Zot ("S" means
                  | Shoals/Snake/Spider/Swamp)
 37926 | Depths:1 | Entered Level 1 of the Depths
 38029 | Depths:1 | Paralysed by a floating eye for 2 turns
 38436 | Depths:1 | Found Nyoqox's Weapon Shoppe.
 38584 | Depths:1 | Found a gateway to Hell.
 38605 | Depths:1 | Found a stormy altar of Qazlal.
 38795 | Depths:2 | Noticed the Enchantress
 38802 | Depths:2 | Killed the Enchantress
 38956 | Depths:2 | Reached skill level 5 in Transmutations
 38961 | Depths:2 | Noticed a dread lich
 38964 | Depths:2 | Killed a dread lich
 38996 | Depths:2 | Gained mutation: You have a pair of large horns on your
                  | head. [demonic ancestry]
 38996 | Depths:2 | Reached XP level 22. HP: 156/176 MP: 15/36
 39312 | Depths:2 | You are sucked into a shaft and drop 1 floor!
 39340 | Depths:2 | Noticed Sojobo
 39352 | Depths:2 | HP: 29/167 [rock wall collision (10)]
 39357 | Depths:2 | Paralysed by an air elemental for 1 turns
 39357 | Depths:2 | HP: 28/167 [air elemental/stunning burst[Sojobo] (8)]
 39357 | Depths:2 | HP: 12/167 [air elemental/stunning burst[Sojobo] (16)]
 39363 | Depths:2 | Paralysed by an air elemental for 1 turns
 39368 | Depths:2 | Paralysed by an air elemental for 1 turns
 39371 | Depths:2 | HP: 17/156 [tengu reaver/bolt of negative energy[Sojobo]
                  | (44)]
 39507 | Depths:2 | Paralysed by an air elemental for 1 turns
 39509 | Depths:2 | Paralysed by an air elemental for 1 turns
 39514 | Depths:2 | Killed Sojobo
 39559 | Depths:2 | Identified the ring of Ceifivaa {Ice Stlth+}
 39559 | Depths:2 | Noticed Josephina
 39581 | Depths:2 | Killed Josephina
 39784 | Depths:2 | Found a one-way gate leading to the halls of Pandemonium.
 40039 | Depths:2 | Got Jokaar's Spellbook of Black Secrets
 40185 | Depths:2 | Reached skill level 21 in Invocations
 40571 | Depths:3 | Found a one-way gateway to a ziggurat.
 40682 | Depths:3 | Found Loegiosy's General Store.
 40690 | Depths:3 | Found Ediseant's Weapon Shop.
 40723 | Depths:3 | Found an ornate altar of the Wu Jian Council.
 41368 | Depths:4 | Entered Level 4 of the Depths
 41384 | Depths:4 | Found a runed translucent door.
 41489 | Depths:4 | Noticed lotum's ghost (veteran TeAE)
 41693 | Depths:4 | Found a gate to the Realm of Zot.
 41845 | Depths:4 | Noticed a caustic shrike
 41845 | Depths:4 | Noticed a caustic shrike
 41845 | Depths:4 | Noticed a caustic shrike
 41847 | Depths:4 | Noticed a caustic shrike
 41852 | Depths:4 | Noticed a caustic shrike
 41855 | Depths:4 | Killed a caustic shrike
 41857 | Depths:4 | Killed a caustic shrike
 41861 | Depths:4 | Noticed Vv
 41868 | Depths:4 | Killed a caustic shrike
 41905 | Depths:4 | Killed Vv
 42053 | Depths:4 | Noticed a golden dragon
 42064 | Depths:4 | Gained mutation: You punish those that try to bend your
                  | will. (Will+) [demonic ancestry]
 42064 | Depths:4 | Reached XP level 23. HP: 184/185 MP: 29/37
 42671 | D:8      | Killed SirLogeyBear's ghost
 43431 | Vaults:5 | Entered Level 5 of the Vaults
 43467 | Vaults:4 | Reached skill level 22 in Invocations
 43596 | Vaults:5 | Identified the ring "Anugrur" {rF+ Str+3}
 43684 | Vaults:5 | Noticed a dread lich
 43697 | Vaults:5 | Killed a dread lich
 43706 | Vaults:5 | Noticed a dread lich
 43712 | Vaults:5 | Killed a dread lich
 43814 | Vaults:5 | Identified the amulet of Day {Acrobat rPois rF- Int+6
                  | Stlth+}
 43901 | Vaults:5 | Identified the +1 robe of Xyticken {rF+ rCorr}
 43956 | Vaults:5 | Got a silver rune of Zot
 43962 | Vaults:5 | Identified the staff of poison "Meduicra" {rPois rN+ Will+
                  | rCorr Str+2}
 43974 | Vaults:5 | Identified the +6 dagger "Gilogheuna" {heavy, rPois Int+6}
 44616 | Vaults:5 | Identified the ring "Ucrualas" {*Slow rN+ rCorr Str+2}
 44729 | Vaults:5 | Identified the +4 quarterstaff of Dust {speed, rCorr Str+3
                  | Int+3 Dex-3}
 44850 | Vaults:5 | jfcaron: ??order
 44850 | Vaults:5 | beem: hyperelliptic[1/2]: D:11 -> Lair -> D:12 -> Orc ->
                  | D:15 -> S:3 -> maybe other S:3 -> get both S runes -> maybe
                  | Elf (but not the Elf:3 vault) -> Vaults:4 -> maybe Crypt ->
                  | Depths:4 -> Vaults:5 -> maybe Slime -> Zot ("S" means
                  | Shoals/Snake/Spider/Swamp)
 45115 | Zot:1    | Entered Level 1 of the Realm of Zot
 45123 | Zot:1    | Gained mutation: Your demonic aura causes all spilled blood
                  | to erupt in flames. [demonic ancestry]
 45123 | Zot:1    | Reached XP level 24. HP: 177/195 MP: 34/38
 45380 | Zot:3    | Reached skill level 10 in Throwing
 45552 | Zot:5    | Entered Level 5 of the Realm of Zot
 45700 | Zot:4    | Noticed a Killer Klown
 45716 | Zot:4    | Killed a Killer Klown
 46315 | Zot:3    | Reached skill level 23 in Invocations
 46383 | Zot:3    | Noticed a Killer Klown
 46384 | Zot:3    | Noticed a Killer Klown
 46385 | Zot:3    | Noticed a Killer Klown
 46391 | Zot:3    | Noticed a Killer Klown
 46398 | Zot:3    | Killed a Killer Klown
 46402 | Zot:3    | Killed a Killer Klown
 46405 | Zot:3    | Killed a Killer Klown
 46406 | Zot:3    | Reached skill level 5 in Translocations
 46416 | Zot:3    | Killed a Killer Klown
 46494 | Zot:3    | Found a shimmering altar of Xom.
 46496 | Zot:3    | Found a shimmering altar of Xom.
 46496 | Zot:3    | Found a shimmering altar of Xom.
 46496 | Zot:3    | Found a shimmering altar of Xom.
 47901 | D:13     | Bought a scroll of enchant armour for 105 gold pieces
 47958 | D:11     | Bought 2 scrolls of enchant armour for 225 gold pieces
 48014 | D:13     | Bought 2 potions of might for 120 gold pieces
 48014 | D:13     | Bought a potion of might for 60 gold pieces
 48014 | D:13     | Bought a potion of berserk rage for 75 gold pieces
 48014 | D:13     | Bought 3 potions of resistance for 450 gold pieces
 48038 | D:13     | Bought 2 potions of haste for 320 gold pieces
 48038 | D:13     | Bought a potion of cancellation for 128 gold pieces
 48038 | D:13     | Bought a potion of haste for 160 gold pieces
 48038 | D:13     | Bought 2 potions of might for 128 gold pieces
 48038 | D:13     | Bought a potion of mutation for 128 gold pieces
 48191 | Orc:2    | Bought a potion of haste for 170 gold pieces
 48191 | Orc:2    | Bought a lightning rod (4/4) for 510 gold pieces
 48246 | Orc:1    | Bought a wand of quicksilver (4) for 285 gold pieces
 48246 | Orc:1    | Bought a wand of quicksilver (4) for 285 gold pieces
 48246 | Orc:1    | Bought a potion of invisibility for 136 gold pieces
 48732 | Elf:3    | Entered Level 3 of the Elven Halls
 48953 | Elf:3    | Gained mutation: When low on magic, you restore magic in
                  | place of health. [demonic ancestry]
 48953 | Elf:3    | Reached XP level 25. HP: 204/204 MP: 38/38
 48968 | Elf:3    | Reached skill level 15 in Dodging
 49191 | Elf:3    | Identified the +4 hand axe "Fiskaq" {drain, rElec rPois
                  | Str-4 SInv}
 49210 | Elf:3    | Identified the staff of fire "Xeckemunu" {Fragile rF+ Int+3
                  | Dex+3}
 49231 | Elf:3    | Identified the staff of cold "Xiasheed" {rPois rF- rC+ rN+}
 49240 | Elf:3    | Found the ring of the Mage {Wiz Archmagi}
 49240 | Elf:3    | Found the +4 skin of Zhor {*Englaciate rC+++ SInv}
 49241 | Elf:3    | Got the Compilation of the Fifth Circle
 49257 | Elf:3    | Identified the +2 ring mail of the Moneychanger {Rampage
                  | *Slow Will+ MP+9}
 49267 | Elf:3    | Identified the +8 war axe of Qefag {heavy, rPois rCorr
                  | Str+2}
 49286 | Elf:3    | Acquired a manual of Evocations
 49303 | Elf:3    | Identified the ring "Ydumiwuo" {rN+ Int+3}
 49337 | Elf:3    | Got the Book of Friendly Permutations
 49379 | Elf:3    | Identified the +1 scale mail "Funuq" {rElec rPois Will+
                  | Int-3}
 50132 | Crypt:1  | Entered Level 1 of the Crypt
 50335 | Crypt:1  | Identified the +9 flail "Ixolames" {drain, rF+}
 50351 | Crypt:1  | Reached skill level 24 in Invocations
 51528 | Crypt:2  | Found a runed translucent gate.
 51528 | Crypt:2  | Found a runed translucent gate.
 51528 | Crypt:2  | Found a runed translucent gate.
 51727 | Crypt:2  | Acquired the +11 broad axe of Symmetry {heavy, Str+5}
 51734 | Crypt:3  | Entered Level 3 of the Crypt
 52187 | Crypt:3  | Acquired 621 gold pieces
 52226 | Crypt:3  | Found a runed translucent door.
 52226 | Crypt:3  | Noticed Upyaxum's ghost (veteran GrEE)
 52243 | Crypt:3  | Found a staircase to the Tomb.
 52371 | Crypt:3  | Found a basalt altar of Yredelemnul.
 52377 | Crypt:3  | Found an ancient bone altar of Kikubaaqudgha.
 52418 | Crypt:3  | Identified the ring "Faunaymu" {rN+ Str+3}
 52418 | Crypt:3  | Identified the ring "Kemuugazu" {rN+ rCorr}
 52418 | Crypt:3  | Identified the ring "Uzihekux" {rN+ Int+2}
 52490 | Crypt:3  | Identified the amulet "Odismusa" {Faith rElec Int+2 Slay+2}
 52778 | Crypt:3  | Killed Upyaxum's ghost
 52790 | Crypt:3  | Identified the +9 glaive of Circularity {spect, rC+}
 53280 | Depths:4 | Killed lotum's ghost
 53662 | Zot:2    | Gained mutation: You are resistant to unholy torment.
                  | [demonic ancestry]
 53662 | Zot:2    | Reached XP level 26. HP: 206/208 MP: 36/39
 53701 | Zot:2    | Found the +4 dragonskin cloak
 53701 | Zot:2    | Noticed Tiamat
 53720 | Zot:2    | Killed Tiamat
 53999 | Zot:2    | Identified the +3 war axe of Dotwush {drain, Int+5}
 54000 | Zot:2    | Identified the staff of poison "Wonairaz" {rPois rC+ rN+
                  | Str-3}
 54004 | Zot:2    | Got the Vademecum on Last Rites
 54644 | Zot:1    | Reached skill level 25 in Invocations
 54766 | Zot:1    | Noticed Parghit
 54806 | Zot:1    | HP: 40/217 [Parghit (27)]
 54806 | Zot:1    | HP: 9/217 [Parghit (31)]
 55439 | Zot:1    | You are sucked into a shaft and drop 1 floor!
 55444 | Zot:1    | jfcaron: ??Parghit
 55444 | Zot:1    | beem: parghit[1/1]: An alt-timeline version of Pargi. Hits
                  | like a wrecking ball, throws large rocks, and regenerates
                  | 27 (!!) hp/turn. Comes with some great gold dragon scales,
                  | maybe even the Dragon King's. Don't mess with this troll!
                  | New in 0.29.
 55455 | Zot:1    | Killed Parghit
 57483 | Zot:5    | Noticed an orb of fire
 57492 | Zot:5    | Noticed an ancient lich
 57493 | Zot:5    | Gained mutation: Potions are less effective at restoring
                  | your health. [an orb of fire]
 57496 | Zot:5    | Killed an orb of fire
 57498 | Zot:5    | Noticed an orb of fire
 57872 | Zot:5    | Gained mutation: Your body sometimes deteriorates upon
                  | taking damage. [an orb of fire]
 57873 | Zot:5    | Killed an orb of fire
 57876 | Zot:5    | Noticed an ancient lich
 57888 | Zot:5    | Killed an ancient lich
 57947 | Zot:5    | Noticed a dread lich
 57955 | Zot:5    | Killed an ancient lich
 57959 | Zot:5    | Killed a dread lich
 58006 | Zot:5    | Noticed a dread lich
 58016 | Zot:5    | Killed a dread lich
 58105 | Zot:5    | Noticed an orb of fire
 58108 | Zot:5    | Noticed an orb of fire
 58110 | Zot:5    | Noticed an orb of fire
 58127 | Zot:5    | Noticed an orb of fire
 58135 | Zot:5    | Killed an orb of fire
 58150 | Zot:5    | Gained mutation: Your body often deteriorates upon taking
                  | damage. [an orb of fire]
 58150 | Zot:5    | Gained mutation: You sometimes lose your temper in combat.
                  | [an orb of fire]
 58150 | Zot:5    | Gained mutation: You are vulnerable to heat. (rF-) [an orb
                  | of fire]
 58151 | Zot:5    | Killed an orb of fire
 58152 | Zot:5    | Gained mutation: You occasionally lose the ability to read
                  | scrolls when taking damage. [an orb of fire]
 58152 | Zot:5    | Gained mutation: You are very vulnerable to heat. (rF--)
                  | [an orb of fire]
 58159 | Zot:5    | Gained mutation: Armour fits poorly on your strangely
                  | shaped body. [an orb of fire]
 58159 | Zot:5    | Gained mutation: You sometimes lose the ability to read
                  | scrolls when taking damage. [an orb of fire]
 58161 | Zot:5    | HP: 29/226 [orb of fire/fireball (21)]
 58162 | Zot:5    | Killed an orb of fire
 58165 | Zot:5    | Killed an orb of fire
 58925 | Zot:5    | Got the Orb of Zot
 59253 | D:8      | Noticed Simithiq the pandemonium lord
 59397 | D:$      | Escaped with the Orb!

Illustrated notes

Levels and vault maps discovered:
D:1:      minmay_arrival_jagged, layout_rooms
D:2:      layout_rooms, columned_hall_lemuel
D:3:      layout_rooms, grunt_temple_overflow_forces_of_nature,
          mainiacjoe_overflow_catwalk, dreamdust_ecumenical_altar_drowned_temple
D:4:      layout_cave_pools, corexii_leaking_fountain, serial_bayou_lake_a,
          uniq_crazy_yiuf_cottage
D:5:      layout_basic, mainiacjoe_overflow_alcove_2, makhleb_grotto_becter,
          jmf_multi_god_temple, enter_ossuary_1, uniq_ijyb
D:6:      layout_cave_pools, elyvilon_altar_1,
          mainiacjoe_overflow_six_doors_small, uniq_blork_the_orc, uniq_duvessa
D:7:      layout_basic, mainiacjoe_overflow_alcove_1, lemuel_round_altar,
          minmay_temple_entry_poolview, minmay_stone_trees_medium,
          kennysheep_boxes
D:8:      layout_loops_ring, nzn_ghost_randoct, st_stairs_4, grunt_ministairs_6,
          nicolae_kite_square_tiling_tiny
D:9:      minmay_slanted_spiral_squares, layout_loops_ring,
          amcnicky_altar_gilded, ebering_ghost_xom, uniq_joseph, uniq_pikel
D:10:     layout_cave_pools, general_overflow_altar, enter_bailey_7
D:11:     layout_basic, erik_lair_dragon, portal_ice_cave_demonic_guard,
          serial_shops, nicolae_shop_rolling_square, shop,
          nicolae_shop_advertising_works [nicolae_subvault_shop_adworks], shop,
          special_room [special_room_bee], uniq_nergalle, uniq_lodul,
          uniq_maurice
D:12:     layout_grid_maze
D:13:     layout_rooms, serial_shops, shop, shop, nicolae_shop_rolling_square,
          nicolae_square_shop, nicolae_shop_tiny_real_fake_doors, uniq_azrael,
          uniq_kirke, uniq_jorgrun
D:14:     layout_roguey, skrybe_vaults_entry_preservation, ashenzari_altar_1,
          uniq_agnes
D:15:     grunt_enter_depths_snipers, layout_basic, gammafunk_ghost_icy,
          lemuel_tele_altar, grunt_gozag_breadcrumbs, uniq_louise, uniq_rupert
Lair:1:   layout_loops_ring, basic_altar, worms_lemuel, grunt_megastairs_4
Lair:2:   regret_index_combs_of_tragedy, layout_regular_city,
          minmay_swamp_entry_worms, nicolae_snake_entry_squirm, uniq_urug
Lair:3:   layout_regular_city, nicolae_lair_grazing_beasts
          [nicolae_sub_lair_graze_edge, nicolae_sub_lair_graze_edge,
          nicolae_sub_lair_graze_edge, nicolae_sub_lair_graze_edge],
          serial_bayou_shore_a
Lair:4:   layout_roguey, serial_rivers, chequers_serial_rivers_micro_d,
          chequers_serial_rivers_micro_c, chequers_serial_rivers_micro_c,
          chequers_serial_rivers_large_b, minmay_lair_oklob_bushes
Lair:5:   hellmonk_lair_end_abyssal_woods, layout_regular_city, slime_entry_1,
          serial_bayou_pond_d, infiniplex_staircase_pool_2
Swamp:1:  layout_falls_marsh, evilmike_swamp_ruin_house_3
Swamp:2:  layout_basic_swamp, evilmike_swamp_ruin_house_6, uniq_mlioglotl
Swamp:3:  layout_basic_swamp, serial_swamp_ruin, evilmike_swamp_ruin_wall,
          hangedman_swamp_ruin_wall, swamp_pool3, nicolae_swamp_hydra_murder_den
Swamp:4:  swamp_basic_johnstein, layout_basic_swamp, swamp_pool4
Snake:1:  layout_honeycomb, lemuel_fruit_tree, uniq_aizul
Snake:2:  cheibrodos_snake_ritualist_ritual, layout_basic, serial_shops, shop,
          nicolae_snake_gridmaze_squiggle, uniq_asterion, uniq_donald,
          uniq_saint_roka
Snake:3:  layout_misc_corridors, gammafunk_ghost_arena
Snake:4:  hellmonk_snake_rune_quicksilver_temple, layout_layer_cave,
          basic_altar, hangedman_snake_corridor_cut, uniq_vashnia
Orc:1:    nicolae_orc_accident_1, layout_caves, serial_shops,
          nicolae_shop_trees, basic_altar, david_defended_altar_orc
Orc:2:    st_orc_congregation, layout_diamond_mine, serial_shops, shop,
          basic_altar, uniq_nessos
Elf:1:    eino_elf_arrival_sip, layout_geoelf_octagon, hangedman_elf_represent,
          kilobyte_rumbling_trees
Elf:2:    nicolae_elf_blades_splatter_lattice
          [nicolae_blade_entry_crossed_weapons], layout_loops_cross,
          mu_enter_wizlab_2
Elf:3:    elf_hall, layout_geoelf_octagon
Vaults:1: ontoclasm_vaults_ring_small, nicolae_vaults_what_the_h,
          nicolae_vaults_storage_room_statues, v_rooms_1,
          nicolae_vaults_heart-shaped_vault, v_alt_pattern_4,
          nicolae_vaults_trapezoid_lopsided_3, hangedman_vaults_locks,
          nicolae_vaults_trapezoid_4, nicolae_vaults_sesquioval_fish,
          ontoclasm_vaults_misaligned, layout_vaults_omnicross
Vaults:2: nicolae_vaults_little_squares_2, nicolae_vaults_trapezoid_3,
          v_misc_26, grunt_vaults_swirl, nicolae_vaults_sightless_eye,
          vaults_dpeg_encased_lava, minmay_crypt_entry_simple_round,
          layout_vaults_omnigrid
Vaults:3: nicolae_vaults_house_1, vaults_dpeg_ring, dpeg_vaults_monster_row,
          v_misc_28, nicolae_vaults_back_hallway, nicolae_vaults_asterisk,
          vaults_room_boxed, ontoclasm_vaults_spin, v_misc_10,
          nicolae_vaults_offset_grid_hallway_3, serial_ice_g,
          nicolae_vaults_asterisk, layout_vaults_maze, uniq_bai_suzhen,
          uniq_margery, uniq_mennas
Vaults:4: nicolae_vaults_security_offices_3, hangedman_vaults_impose,
          grunt_vaults_diagonal, vaults_mumra_hexcomb, v_pattern_4,
          nicolae_vaults_turnstiles, vaults_mumra_lcd,
          nicolae_vaults_surprise_closet, nicolae_vaults_trapezoid_1,
          layout_vaults_big_room, serial_shops, freezing_bzr, uniq_zenata
Vaults:5
Crypt:1:  layout_gridlike, grunt_megastairs_2
Crypt:2:  layout_misc_corridors, chequers_big_river, pandoras_box_mu
Crypt:3:  lightli_unholy_cathedral, layout_chaotic_city,
          tomb_entry_forgotten_bobbens, ebering_ghost_reflecting_pool
Depths:1: layout_cave_pools, hell_entry, grunt_decor_fettered, serial_shops,
          shop, grunt_qazlal_sundering, roderic_lattice_octagonal_star
Depths:2: minmay_the_grid_octo_tiled_squarecenter_mashed
          [minmay_the_grid_octo_empty, minmay_the_grid_octo_thin_diamonds,
          minmay_the_grid_octo_teeth, minmay_the_grid_octo_concentric,
          minmay_the_grid_square_5x5_megaprize_hollow,
          minmay_the_grid_square_5x5_sharp_hourglass,
          minmay_the_grid_square_5x5_fancy_junction,
          minmay_the_grid_square_5x5_plus,
          minmay_the_grid_square_5x5_hollow_slash], layout_gridville,
          special_room [special_room_morgue], pan_entry, hellmouth_3,
          infiniplex_staircase_zigzag_3, uniq_josephina, uniq_sojobo,
          uniq_enchantress
Depths:3: hangedman_surveillance_ring, layout_gridlike, enter_ziggurat_d,
          abyss_entry, grunt_hell_entry_dis_grunt,
          pdpol_wu_jian_five_deadly_venoms, serial_bayou_shore_b,
          minmay_shop_star, minmay_staircase_windowed_small
Depths:4: grunt_zot_entry_pinwheel, layout_basic,
          muffindrake_ghost_dead_mans_drink, grunt_mini_vestibule, minivault_14,
          uniq_vv
Zot:1:    kennysheep_blocky_hall, layout_cellular_growth, st_stairs_8,
          nicolae_lava_and_water, uniq_parghit
Zot:2:    kennysheep_six_static_rooms, layout_cellular_growth,
          st_grand_hoard_of_tiamat, uniq_tiamat
Zot:3:    dreamdust_zin_vs_xom, layout_basic
Zot:4:    layout_misc_corridors
Zot:5:    layout_basic, hangedman_zot_decor_tridents, grunt_ministairs_8,
          st_stairs_12

Skill      XL: |  1  2  3  4  5  6  7  8  9 10 11 12 13 14 15 16 17 18 19 20 21 22 23 24 25 26 |
---------------+-------------------------------------------------------------------------------+-----
Axes           | 3 4 5 6 8 9 10 11 12 14 15 16 17 18 | 18.0
Throwing       | 2 4 5 6 8 9 10 | 10.0
Dodging        | 3 4 7 9 10 11 12 14 17 | 17.0
Armour         | 1 2 3 4 6 7 8 9 10 11 13 15 16 17 18 19 | 19.5
Invocations    | 3 5 7 9 10 11 13 15 17 18 20 21 22 23 24 25 | 25.0
Evocations     | 2 4 5 6 7 8 10 12 | 12.0
Fighting       | 3 4 6 7 8 9 10 12 13 15 16 17 18 19 22 | 22.8
Shields        | 3 5 7 9 14 15 16 17 18 19 | 19.5
Transmutations | 5 |  5.0
Translocations | 3 5 |  5.0
Earth Magic    | 3 |  3.0

Action                     |  1- 3 |  4- 6 |  7- 9 | 10-12 | 13-15 | 16-18 | 19-21 | 22-24 | 25-27 || total
---------------------------+-------+-------+-------+-------+-------+-------+-------+-------+-------++-------
  Melee: War axe           |    96 |   177 |   334 |       |   103 |    36 |       |       |       ||   746
         Punch             |       |     2 |     9 |     7 |       |       |       |       |       ||    18
         Hand axe          |       |       |   114 |   671 |   262 |       |       |       |    16 ||  1063
         Headbutt          |       |       |       |       |   279 |   242 |   256 |   356 |   275 ||  1408
         Broad axe         |       |       |       |       |   661 |   736 |   810 |   981 |   738 ||  3926
  Throw: Stone             |    23 |    13 |    24 |    25 |    65 |   104 |       |       |       ||   254
         Javelin           |     1 |       |     1 |     1 |    13 |       |     6 |    10 |    46 ||    78
         Throwing net      |     1 |       |       |       |       |     1 |     2 |     4 |     5 ||    13
         Dart              |       |    18 |    58 |    27 |   277 |   132 |       |     4 |     3 ||   519
         Boomerang         |       |       |     2 |   120 |   129 |   344 |   492 |   282 |    85 ||  1454
 Invoke: Upheaval          |       |       |       |    19 |     3 |     1 |     7 |    13 |     9 ||    52
         Elemental Force   |       |       |       |       |     1 |     1 |     1 |       |       ||     3
         Disaster Area     |       |       |       |       |     1 |     2 |     1 |     1 |     1 ||     6
Ability: Evoke Invisibilit |       |       |       |       |       |       |     1 |       |       ||     1
  Evoke: Wand              |       |       |       |    14 |     9 |    15 |     8 |    57 |    20 ||   123
         Tin of tremorston |       |       |       |     3 |     4 |     7 |     3 |     6 |     1 ||    24
         Phantom mirror    |       |       |       |     2 |     2 |     2 |     2 |     2 |     1 ||    11
         Box of beasts     |       |       |       |       |     2 |     2 |     3 |     2 |     1 ||    10
         Lightning rod     |       |       |       |       |       |       |       |     4 |     2 ||     6
    Use: Scroll            |       |    16 |     3 |     8 |     5 |     4 |     3 |    23 |    13 ||    75
         Potion            |       |     1 |     1 |       |     2 |     1 |       |     5 |    11 ||    21
   Stab: Distracted        |       |       |       |       |       |     1 |     3 |     1 |     1 ||     6
         Confused          |       |       |       |       |       |     1 |       |       |       ||     1
         Held in net/web   |       |       |       |       |       |       |       |     5 |     2 ||     7
 Armour: Leather armour    |    55 |    10 |   104 |   108 |       |       |       |       |       ||   277
         Ring mail         |       |    59 |    74 |       |       |       |       |       |       ||   133
         Scale mail        |       |       |       |   108 |   360 |    60 |       |       |       ||   528
         Plate armour      |       |       |       |       |       |   346 |   353 |   442 |       ||  1141
         Gold dragon scale |       |       |       |       |       |       |       |    22 |   236 ||   258
  Dodge: Dodged            |    90 |   133 |   283 |   217 |   225 |   183 |   185 |   236 |   123 ||  1675
         Repelled          |       |       |       |     2 |     6 |    23 |     9 |    27 |    16 ||    83
  Block: Other             |       |       |    55 |    62 |       |       |       |       |       ||   117
         Buckler           |       |       |       |   125 |       |       |       |       |       ||   125
         Kite shield       |       |       |       |    13 |   921 |   855 |   573 |       |       ||  2362
         Tower shield      |       |       |       |       |       |       |   171 |  1156 |   824 ||  2151

Table legend: (Time is in decaauts)
 A = Elapsed time spent in this place.
 B = Non-inter-level travel time spent in this place.
 C = Inter-level travel time spent in this place.
 D = Time resting spent in this place.
 E = Time spent auto-exploring this place.
 F = Levels seen in this place.
 G = Mean time per level.
                   A        B        C        D        E       F      G
               +--------+--------+--------+--------+--------+-----+--------+
         Total |  58945 |  49058 |   9887 |   3598 |  30328 |  55 | 1071.7 |
       Dungeon |  16475 |  11740 |   4735 |    160 |   8013 |  15 | 1098.3 |
          Lair |   5846 |   5264 |    582 |      2 |   3875 |   5 | 1169.2 |
         Swamp |   2491 |   2240 |    251 |     46 |   1724 |   4 |  622.8 |
     Snake Pit |   4361 |   4005 |    356 |    158 |   2836 |   4 | 1090.2 |
  Orcish Mines |   1846 |   1347 |    499 |     97 |    877 |   2 |  923.0 |
   Elven Halls |   3335 |   3035 |    300 |    215 |   1762 |   3 | 1111.7 |
        Vaults |   6639 |   5711 |    928 |    555 |   3626 |   5 | 1327.8 |
         Crypt |   2836 |   2641 |    195 |    286 |   1547 |   3 |  945.3 |
        Depths |   5125 |   4265 |    860 |    298 |   2503 |   4 | 1281.2 |
           Zot |   7657 |   6481 |   1176 |   1775 |   2925 |   5 | 1531.4 |
        Bazaar |    189 |    189 |      0 |      0 |     83 |   1 |  189.0 |
       Ossuary |    399 |    399 |      0 |      0 |     34 |   1 |  399.0 |
        Bailey |    284 |    284 |      0 |      0 |    112 |   1 |  284.0 |
      Ice Cave |    534 |    534 |      0 |      0 |     57 |   1 |  534.0 |
        Wizlab |    920 |    920 |      0 |      5 |    354 |   1 |  920.0 |
               +--------+--------+--------+--------+--------+-----+--------+

Top non-repeatable levels by time:
    D:15: 2626 daAuts
   Zot:5: 2555 daAuts
    D:11: 2240 daAuts
   Zot:2: 2032 daAuts
Vaults:1: 1539 daAuts
   Zot:1: 1526 daAuts
  Lair:2: 1516 daAuts
     D:9: 1506 daAuts
  Lair:5: 1466 daAuts
Depths:2: 1451 daAuts
Vaults:2: 1447 daAuts
Depths:4: 1388 daAuts
 Snake:4: 1387 daAuts
    D:14: 1370 daAuts
Vaults:4: 1284 daAuts

Table legend:
 A = Kills in this place as a percentage of kills in the entire game.
 B = Kills by you in this place as a percentage of kills by you in the entire game.
 C = Kills by friends in this place as a percentage of kills by friends in the entire game.
 D = Other kills in this place as a percentage of other kills in the entire game.
 E = Experience gained in this place as a percentage of experience gained in the entire game.
 F = Experience gained in this place divided by the number of levels of this place that you have seen.
                   A       B       C       D       E      F
               +-------+-------+-------+-------+-------+----------------------
         Total | 100.0 | 100.0 | 100.0 | 100.0 | 100.0 | 26862.2
       Dungeon |  18.1 |  18.3 |   9.1 |   7.7 |   6.2 | 6063.1
          Lair |  11.5 |  11.6 |   0.0 |   7.7 |   5.0 | 14733.2
         Swamp |   5.5 |   5.5 |   4.5 |   7.7 |   5.2 | 19188.8
     Snake Pit |   7.6 |   7.6 |   9.1 |   0.0 |   7.4 | 27226.8
  Orcish Mines |   5.0 |   4.8 |  31.8 |   7.7 |   1.4 | 10603.5
   Elven Halls |   8.0 |   8.0 |  13.6 |   7.7 |   9.6 | 47300.3
        Vaults |  13.4 |  13.4 |   9.1 |  15.4 |  18.7 | 55349.4
         Crypt |   5.9 |   6.0 |   0.0 |   0.0 |   6.7 | 33028.7
        Depths |  11.5 |  11.6 |   0.0 |  15.4 |  16.8 | 61965.5
           Zot |   8.1 |   8.0 |   9.1 |  30.8 |  21.1 | 62337.6
       Ossuary |   1.5 |   1.5 |   0.0 |   0.0 |   0.0 | 576.0
        Bailey |   0.7 |   0.7 |   0.0 |   0.0 |   0.1 | 1031.0
      Ice Cave |   1.3 |   1.2 |  13.6 |   0.0 |   0.6 | 9002.0
        Wizlab |   1.8 |   1.8 |   0.0 |   0.0 |   1.2 | 18047.0
               +-------+-------+-------+-------+-------+----------------------

Levels and vault maps discovered:
D:1:      minmay_arrival_jagged, layout_rooms
D:2:      layout_rooms, columned_hall_lemuel
D:3:      layout_rooms, grunt_temple_overflow_forces_of_nature,
          mainiacjoe_overflow_catwalk, dreamdust_ecumenical_altar_drowned_temple
D:4:      layout_cave_pools, corexii_leaking_fountain, serial_bayou_lake_a,
          uniq_crazy_yiuf_cottage
D:5:      layout_basic, mainiacjoe_overflow_alcove_2, makhleb_grotto_becter,
          jmf_multi_god_temple, enter_ossuary_1, uniq_ijyb
D:6:      layout_cave_pools, elyvilon_altar_1,
          mainiacjoe_overflow_six_doors_small, uniq_blork_the_orc, uniq_duvessa
D:7:      layout_basic, mainiacjoe_overflow_alcove_1, lemuel_round_altar,
          minmay_temple_entry_poolview, minmay_stone_trees_medium,
          kennysheep_boxes
D:8:      layout_loops_ring, nzn_ghost_randoct, st_stairs_4, grunt_ministairs_6,
          nicolae_kite_square_tiling_tiny
D:9:      minmay_slanted_spiral_squares, layout_loops_ring,
          amcnicky_altar_gilded, ebering_ghost_xom, uniq_joseph, uniq_pikel
D:10:     layout_cave_pools, general_overflow_altar, enter_bailey_7
D:11:     layout_basic, erik_lair_dragon, portal_ice_cave_demonic_guard,
          serial_shops, nicolae_shop_rolling_square, shop,
          nicolae_shop_advertising_works [nicolae_subvault_shop_adworks], shop,
          special_room [special_room_bee], uniq_nergalle, uniq_lodul,
          uniq_maurice
D:12:     layout_grid_maze
D:13:     layout_rooms, serial_shops, shop, shop, nicolae_shop_rolling_square,
          nicolae_square_shop, nicolae_shop_tiny_real_fake_doors, uniq_azrael,
          uniq_kirke, uniq_jorgrun
D:14:     layout_roguey, skrybe_vaults_entry_preservation, ashenzari_altar_1,
          uniq_agnes
D:15:     grunt_enter_depths_snipers, layout_basic, gammafunk_ghost_icy,
          lemuel_tele_altar, grunt_gozag_breadcrumbs, uniq_louise, uniq_rupert
Lair:1:   layout_loops_ring, basic_altar, worms_lemuel, grunt_megastairs_4
Lair:2:   regret_index_combs_of_tragedy, layout_regular_city,
          minmay_swamp_entry_worms, nicolae_snake_entry_squirm, uniq_urug
Lair:3:   layout_regular_city, nicolae_lair_grazing_beasts
          [nicolae_sub_lair_graze_edge, nicolae_sub_lair_graze_edge,
          nicolae_sub_lair_graze_edge, nicolae_sub_lair_graze_edge],
          serial_bayou_shore_a
Lair:4:   layout_roguey, serial_rivers, chequers_serial_rivers_micro_d,
          chequers_serial_rivers_micro_c, chequers_serial_rivers_micro_c,
          chequers_serial_rivers_large_b, minmay_lair_oklob_bushes
Lair:5:   hellmonk_lair_end_abyssal_woods, layout_regular_city, slime_entry_1,
          serial_bayou_pond_d, infiniplex_staircase_pool_2
Swamp:1:  layout_falls_marsh, evilmike_swamp_ruin_house_3
Swamp:2:  layout_basic_swamp, evilmike_swamp_ruin_house_6, uniq_mlioglotl
Swamp:3:  layout_basic_swamp, serial_swamp_ruin, evilmike_swamp_ruin_wall,
          hangedman_swamp_ruin_wall, swamp_pool3, nicolae_swamp_hydra_murder_den
Swamp:4:  swamp_basic_johnstein, layout_basic_swamp, swamp_pool4
Snake:1:  layout_honeycomb, lemuel_fruit_tree, uniq_aizul
Snake:2:  cheibrodos_snake_ritualist_ritual, layout_basic, serial_shops, shop,
          nicolae_snake_gridmaze_squiggle, uniq_asterion, uniq_donald,
          uniq_saint_roka
Snake:3:  layout_misc_corridors, gammafunk_ghost_arena
Snake:4:  hellmonk_snake_rune_quicksilver_temple, layout_layer_cave,
          basic_altar, hangedman_snake_corridor_cut, uniq_vashnia
Orc:1:    nicolae_orc_accident_1, layout_caves, serial_shops,
          nicolae_shop_trees, basic_altar, david_defended_altar_orc
Orc:2:    st_orc_congregation, layout_diamond_mine, serial_shops, shop,
          basic_altar, uniq_nessos
Elf:1:    eino_elf_arrival_sip, layout_geoelf_octagon, hangedman_elf_represent,
          kilobyte_rumbling_trees
Elf:2:    nicolae_elf_blades_splatter_lattice
          [nicolae_blade_entry_crossed_weapons], layout_loops_cross,
          mu_enter_wizlab_2
Elf:3:    elf_hall, layout_geoelf_octagon
Vaults:1: ontoclasm_vaults_ring_small, nicolae_vaults_what_the_h,
          nicolae_vaults_storage_room_statues, v_rooms_1,
          nicolae_vaults_heart-shaped_vault, v_alt_pattern_4,
          nicolae_vaults_trapezoid_lopsided_3, hangedman_vaults_locks,
          nicolae_vaults_trapezoid_4, nicolae_vaults_sesquioval_fish,
          ontoclasm_vaults_misaligned, layout_vaults_omnicross
Vaults:2: nicolae_vaults_little_squares_2, nicolae_vaults_trapezoid_3,
          v_misc_26, grunt_vaults_swirl, nicolae_vaults_sightless_eye,
          vaults_dpeg_encased_lava, minmay_crypt_entry_simple_round,
          layout_vaults_omnigrid
Vaults:3: nicolae_vaults_house_1, vaults_dpeg_ring, dpeg_vaults_monster_row,
          v_misc_28, nicolae_vaults_back_hallway, nicolae_vaults_asterisk,
          vaults_room_boxed, ontoclasm_vaults_spin, v_misc_10,
          nicolae_vaults_offset_grid_hallway_3, serial_ice_g,
          nicolae_vaults_asterisk, layout_vaults_maze, uniq_bai_suzhen,
          uniq_margery, uniq_mennas
Vaults:4: nicolae_vaults_security_offices_3, hangedman_vaults_impose,
          grunt_vaults_diagonal, vaults_mumra_hexcomb, v_pattern_4,
          nicolae_vaults_turnstiles, vaults_mumra_lcd,
          nicolae_vaults_surprise_closet, nicolae_vaults_trapezoid_1,
          layout_vaults_big_room, serial_shops, freezing_bzr, uniq_zenata
Vaults:5
Crypt:1:  layout_gridlike, grunt_megastairs_2
Crypt:2:  layout_misc_corridors, chequers_big_river, pandoras_box_mu
Crypt:3:  lightli_unholy_cathedral, layout_chaotic_city,
          tomb_entry_forgotten_bobbens, ebering_ghost_reflecting_pool
Depths:1: layout_cave_pools, hell_entry, grunt_decor_fettered, serial_shops,
          shop, grunt_qazlal_sundering, roderic_lattice_octagonal_star
Depths:2: minmay_the_grid_octo_tiled_squarecenter_mashed
          [minmay_the_grid_octo_empty, minmay_the_grid_octo_thin_diamonds,
          minmay_the_grid_octo_teeth, minmay_the_grid_octo_concentric,
          minmay_the_grid_square_5x5_megaprize_hollow,
          minmay_the_grid_square_5x5_sharp_hourglass,
          minmay_the_grid_square_5x5_fancy_junction,
          minmay_the_grid_square_5x5_plus,
          minmay_the_grid_square_5x5_hollow_slash], layout_gridville,
          special_room [special_room_morgue], pan_entry, hellmouth_3,
          infiniplex_staircase_zigzag_3, uniq_josephina, uniq_sojobo,
          uniq_enchantress
Depths:3: hangedman_surveillance_ring, layout_gridlike, enter_ziggurat_d,
          abyss_entry, grunt_hell_entry_dis_grunt,
          pdpol_wu_jian_five_deadly_venoms, serial_bayou_shore_b,
          minmay_shop_star, minmay_staircase_windowed_small
Depths:4: grunt_zot_entry_pinwheel, layout_basic,
          muffindrake_ghost_dead_mans_drink, grunt_mini_vestibule, minivault_14,
          uniq_vv
Zot:1:    kennysheep_blocky_hall, layout_cellular_growth, st_stairs_8,
          nicolae_lava_and_water, uniq_parghit
Zot:2:    kennysheep_six_static_rooms, layout_cellular_growth,
          st_grand_hoard_of_tiamat, uniq_tiamat
Zot:3:    dreamdust_zin_vs_xom, layout_basic
Zot:4:    layout_misc_corridors
Zot:5:    layout_basic, hangedman_zot_decor_tridents, grunt_ministairs_8,
          st_stairs_12
